Map: Oxide LE

Players

AGOElazer (Elazer)

  • Race: Zerg Zerg
  • Spawn Location: 1:00

Reynor - Winner!

  • Race: Zerg Zerg
  • League: Master
  • Spawn Location: 7:00

Event: DreamHack SC2 Masters 2020 Winter

VOD

Have the link to the VOD?

Description

Time

  • Played on: Nov. 6, 2020, 1:45 p.m.
  • Length: 4:31

All games in this series

Show
View Real Time Build Order
Export as new Build Order

AGOElazer Zerg 

Build Orders: Hatch First 

Get SALT Encoding   

  12  0:00  Drone  
  13  0:12  Overlord  
  13  0:17  Drone  
  14  0:30  Drone x2  
  16  0:47  Hatchery  
  15  0:51  Drone  
  15  0:55  Drone  
  17  0:58  Drone  
  18  1:08  Extractor  
  17  1:13  Spawning Pool  
  17  1:16  Drone  
  17  1:19  Drone  
  18  1:28  Drone  
  19  1:38  Drone  
  20  1:49  Drone  
  20  1:54  Evolution Chamber  
  20  1:59  Queen x2  
  20  2:01  Zergling x2  
  25  2:03  Drone  
  26  2:11  Overlord  
  26  2:12  Drone  
  27  2:19  Zerg Missile Weapons Level 1  
  27  2:21  Drone  
  28  2:30  Drone  
  28  2:31  Drone  
  28  2:34  Drone  
  28  2:35  Queen  
  33  2:45  Drone  
  33  2:48  Overlord  
  34  2:55  Drone  
  34  2:56  Drone, Roach Warren  
  35  3:10  Evolution Chamber  
  33  3:14  Evolution Chamber  
  33  3:15  Evolution Chamber  
  33  3:16  Drone x4  
  37  3:20  Drone x2  
  37  3:23  Drone  
  37  3:24  Drone  
  39  3:36  Overlord  
  39  3:39  Drone  
  39  3:40  Drone  
  41  3:42  Drone  
  41  3:47  Drone x2  
  44  3:51  Extractor  
  44  3:52  Extractor  
  44  3:53  Drone x2  
  44  3:54  Drone  
  45  4:00  Roach  
  47  4:05  Drone x4  
  51  4:11  Spine Crawler  
  51  4:12  Roach  
  51  4:16  Spine Crawler  
Show
View Real Time Build Order
Export as new Build Order

Reynor Zerg - Winner!

Build Orders: Pool First 

Get SALT Encoding   

  12  0:00  Drone  
  13  0:12  Overlord  
  13  0:16  Drone  
  14  0:30  Drone x2  
  14  0:34  Drone  
  17  0:41  Extractor  
  16  0:45  Drone  
  17  0:50  Spawning Pool  
  17  0:55  Drone  
  17  1:06  Drone  
  18  1:17  Hatchery  
  17  1:22  Drone  
  18  1:36  Zergling x2  
  18  1:37  Queen  
  21  1:43  Metabolic Boost  
  21  1:49  Overlord  
  21  1:53  Drone  
  22  2:08  Zergling x2  
  22  2:12  Zergling x2  
  24  2:18  Lair  
  24  2:22  Drone  
  25  2:30  Queen, Zergling x2  
  25  2:32  Drone  
  29  2:40  Zergling x2  
  30  2:44  Zergling x6  
  33  2:53  Overlord  
  33  2:54  Zergling x2  
  34  3:01  Zergling x2  
  34  3:03  Zergling x2  
  36  3:11  Zergling x2  
  37  3:14  Zergling x2  
  37  3:17  Zergling x6  
  41  3:23  Nydus Network  
  41  3:26  Zergling x2  
  41  3:29  Zergling x2  
  42  3:35  Overlord  
  42  3:41  Zergling x2  
  43  3:45  Zergling x2  
  44  3:55  Zergling x2  
  44  3:56  Zergling x6  
  44  3:59  Nydus Canal  
  44  4:01  Zergling x2  
  49  4:07  Overlord  
  49  4:12  Zergling x2  
Tags
 
Add a new tag
Caveats
  • Supply blocks, unpowered buildings, or Contaminate may cause inaccurate times.
  • Supply counts are checked every 10 seconds.